 Dungeon Crawl Stone Soup version 0.28.0-53-g5a82cb258f (webtiles) character file.

Game seed: 11998792852934780793

4 Descartes the Grasshopper (level 1, 0/7 HPs)
             Began as a Felid Wanderer on July 11, 2022.
             Slain by a hobgoblin (4 damage)
             ... on level 1 of the Dungeon.
             The game lasted 00:00:49 (371 turns).

Descartes the Grasshopper (Felid Wanderer)           Turns: 371, Time: 00:00:50

Health: 0/7        AC:  1    Str:  4    XL:     1   Next: 58%
Magic:  3/3        EV: 17    Int: 15    God:
Gold:   29         SH:  0    Dex: 17    Spells: 1/2 levels left
                                        Lives:  0   Deaths: 0

rFire   . . .      SeeInvis +   (weapon unavailable)
rCold   . . .      Faith    .   (shield unavailable)
rNeg    . . .      Spirit   .   (armour unavailable)
rPois   .          Reflect  .   (helmet unavailable)
rElec   .          Harm     .   (cloak unavailable)
rCorr   .          Rampage  .   (gloves unavailable)
Will    .....                   (boots unavailable)
Stlth   ++........              (no amulet)
HPRegen 0.02/turn               (no ring)
MPRegen 0.08/turn               (no ring)

@: quick
A: very small, claws 1, fangs 3, see invisible, speed 1, shaggy fur 1, stealthy
paws, no weapons or thrown items, no armour, multi-lived
a: no special abilities


You were on level 1 of the Dungeon.
You visited 1 branch of the dungeon, and saw 1 of its levels.

You collected 29 gold pieces.

Inventory:

Scrolls
 a - a scroll of fog
 b - a scroll of enchant weapon {unknown}
 c - 2 scrolls of identify {unknown}
Potions
 d - a potion of flight {unknown}


   Skills:
 + Level 2.8 Dodging
 * Level 1.2 Stealth
 + Level 0.3 Unarmed Combat
 - Level 1.0 Spellcasting
 - Level 7.2 Translocations
 - Level 1.7 Invocations


You had one spell level left.
You knew the following spells:

 Your Spells              Type           Power      Damage    Failure   Level
a - Apportation           Tloc           44%        N/A       1%          1

Your spell library contained the following spells:

 Spells                   Type           Power      Damage    Failure   Level
 Blink                    Tloc           44%        N/A       1%          2
 Iskenderun's Mystic Bla  Conj/Tloc      11%        2d4       50%         4


Dungeon Overview and Level Annotations

Branches:
Dungeon (1/15)

Altars:


Innate Abilities, Weirdness & Mutations

You have sharp claws.
You have razor-sharp teeth.
You have supernaturally acute eyesight. (SInv)
You cover ground quickly. (Speed+)
You are covered in fur. (AC +1)
Your paws help you pounce on unaware monsters.
You are incapable of wielding weapons or throwing items.
You cannot wear armour.
You gain extra lives every three experience levels.


Message History

You kill the quokka!
No target in view!
No target in view!
No target in view!
No target in view!
No target in view!
No target in view!
No target in view!
No target in view!
No target in view!
No target in view!
No target in view!
No target in view!
No target in view!
No target in view!
c - 2 scrolls labelled ESOTTO OBBEUPH (gained 1)
You see here 14 stones.
d - a dark potion
Found 17 stones.
A hobgoblin comes into view.
The hobgoblin shouts!
The hobgoblin misses you.
You scratch the hobgoblin.
The hobgoblin is heavily wounded.
The hobgoblin barely misses you.
You scratch the hobgoblin but do no damage.
Your bite misses the hobgoblin.
The hobgoblin is heavily wounded.
The hobgoblin completely misses you.
You closely miss the hobgoblin.
The hobgoblin is heavily wounded.
The hobgoblin completely misses you.
You scratch the hobgoblin.
The hobgoblin is almost dead.
The hobgoblin hits you.
You completely miss the hobgoblin.
The hobgoblin is almost dead.
The hobgoblin hits you.
Ouch! That really hurt!
You die...

...............#.#..#
##........####.#.##.#
#.##.....# ##......##
# #.##.....#
#........#.#
#.########
#.....#....# #.#
#..#### ^.# #.#
#..####..### #.#
#..#........ #.#
#...@g......
##......##.. ##...#.#
...## # ##..# #(.#
.... #...


You could see a hobgoblin.

Vanquished Creatures
  A bat (D:1)
  A jackal (D:1)
  A quokka (D:1)
  A rat (D:1)
4 creatures vanquished.

Notes
Turn   | Place    | Note
-------+----------+-------------------------------------------
     0 | D:1      | Descartes the Felid Wanderer began the quest for the Orb.
     0 | D:1      | Descartes set off with the following items: a scroll of
                  | fog; and the following spell memorised: Apportation; and
                  | the following spells available to memorise: Blink,
                  | Iskenderun's Mystic Blast
     0 | D:1      | Reached XP level 1. HP: 7/7 MP: 3/3
   290 | D:1      | Reached skill level 1 in Stealth
   371 | D:1      | Slain by a hobgoblin

Illustrated notes

Levels and vault maps discovered:
D:1:      dpeg_arrival_brainrot, layout_loops_ring, hangedman_decor_growths

Skill      XL: |  1 |
---------------+----+-----
Stealth        | 1 |  1.2
Dodging        | |  2.8
Unarmed Combat | |  0.3
Spellcasting   | |  1.0
Translocations | |  7.2
Invocations    | |  1.7

Action                   || total
-------------------------++-------
Melee: Unarmed           ||    18
       Bite              ||     1
 Stab: Sleeping          ||     2
Armor: Skin              ||     1
Dodge: Dodged            ||    18
